 Dungeon Crawl Stone Soup version 0.18-a0-1805-g8ab820f (webtiles) character file.

89 wvc the Ducker (level 4, 0/37 HPs)
             Began as a Demonspawn Monk on Apr 26, 2016.
             Slain by an orc priest
             ... wielding a +0 falchion
              (2 damage)
             ... on level 3 of the Dungeon.
             The game lasted 00:03:20 (1899 turns).

wvc the Ducker (Demonspawn Monk)                    Turns: 1899, Time: 00:03:21

Health: 0/37       AC:  3    Str: 12    XL:     4   Next: 31%
Magic:  4/4        EV: 14    Int: 11    God:
Gold:   70         SH:  0    Dex: 16    Spells: 0 memorised, 3 levels left

rFire  . . .     SeeInvis .       - Unarmed
rCold  + . .     Gourm    .     a - +0 robe
rNeg   . . .     Faith    .     (no shield)
rPois  .         Spirit   .     (no helmet)
rElec  .         Dismiss  .     (no cloak)
rCorr  .         Reflect  .     (no gloves)
SustAt .         Harm     .     p - +0 pair of boots
MR     .....                    (no amulet)
Stlth  ++........               q - ring of wizardry
                                g - ring of protection from cold

@: not resistant to hostile enchantments, unstealthy
A: demonic guardian 1, powered by death 1
a: no special abilities


You were on level 3 of the Dungeon.
You were not hungry.

You visited 1 branch of the dungeon, and saw 3 of its levels.

You collected 70 gold pieces.

Inventory:

Armour
 a - a +0 robe (worn)
 p - a +0 pair of boots (worn)
Jewellery
 g - a ring of protection from cold (left hand)
 q - a ring of wizardry (right hand)
Scrolls
 d - a scroll of teleportation
 j - a scroll of remove curse {unknown}
 l - a scroll of identify {unknown}
 m - a scroll of amnesia {unknown}
 n - a scroll of immolation {unknown}
 o - a scroll of noise {unknown}
Potions
 c - a potion of haste {unknown}
 e - a potion of flight {unknown}
 f - a potion of lignification {unknown}
 h - 2 potions of agility {unknown}
 i - a potion of cure mutation {unknown}
 k - a potion of curing {unknown}
Comestibles
 b - a bread ration


   Skills:
 + Level 3.8 Fighting
 + Level 4.1 Dodging
 - Level 1.7 Stealth
 - Level 3.6 Unarmed Combat


You had 3 spell levels left.
You didn't know any spells.

Dungeon Overview and Level Annotations

Branches:
Dungeon (3/15)

Altars:

Annotations:
D:2 Crazy Yiuf, Terence


Innate Abilities, Weirdness & Mutations

A weak demonic guardian rushes to your aid.
You regenerate a little health from kills.


Message History

You hit the orc priest but do no damage.
The orc priest is moderately wounded.
The orc priest closely misses you.
You hit the orc priest.
The orc priest is moderately wounded.
You hit the orc priest.
The orc priest is heavily wounded.
The orc priest misses you.
A worm comes into view.
You hit the orc priest but do no damage.
The orc priest is heavily wounded.
The orc priest calls down the wrath of Beogh upon you.
Beogh smites you!
* * * LOW HITPOINT WARNING * * *
You are too injured to fight recklessly!
You are too injured to fight recklessly!
You hit the orc priest.
The orc priest is heavily wounded.
The orc priest hits you with a falchion.
You die...

## ####.# ...
..#.#
...##.#.###
.(.......
.w....
#.#.#####...
#......o.o..
#.#o#####o.. #
#@# .. #.# ..
#.# .### #.#
.%.
#.#####.####..
#.............
#
###.....####..
#. #.....##
####.##..##.#


You could see a worm and an orc priest.

Vanquished Creatures
  3 adders (D:2)
  3 worms (D:2)
  4 dart slugs
  3 giant geckos
  2 orcs (D:3)
  2 ball pythons
  6 bats (D:1)
  A giant cockroach (D:1)
  A goblin (D:1)
  4 hobgoblins
  4 jackals
  A giant newt (D:2)
  3 kobolds
  5 rats
42 creatures vanquished.

Notes
Turn   | Place    | Note
--------------------------------------------------------------
     0 | D:1      | wvc the Demonspawn Monk began the quest for the Orb.
     0 | D:1      | Reached XP level 1. HP: 18/18 MP: 1/1
    88 | D:1      | Gained mutation: You regenerate a little health from kills. [demonic ancestry]
    88 | D:1      | Reached XP level 2. HP: 24/24 MP: 2/2
   104 | D:1      | Reached skill level 3 in Dodging
   900 | D:1      | Reached XP level 3. HP: 27/29 MP: 3/3
  1350 | D:2      | Gained mutation: A weak demonic guardian rushes to your aid. [demonic ancestry]
  1350 | D:2      | Reached XP level 4. HP: 34/37 MP: 4/4
  1635 | D:2      | Reached skill level 4 in Dodging
  1769 | D:2      | Noticed Crazy Yiuf
  1786 | D:2      | Noticed Terence
  1898 | D:3      | HP: 1/37 [orc priest/divine providence (15)]
  1899 | D:3      | Slain by an orc priest

Vault maps used:
D:1:      lemuel_arrival_lava_pool, minmay_misc_feat_rows,
          kennysheep_small_spiral
D:2:      uniq_crazy_yiuf_cottage, uniq_terence
D:3:      marbit_many_paths, old_standard_altar, first_bread,
          fedhas_altar_fruit_tree

Skill      XL: |  1  2  3  4 |
---------------+-------------+-----
Dodging        | 3 4 |  4.1
Fighting       | |  3.8
Stealth        | |  1.7
Unarmed Combat | |  3.6

Action                   |  1- 3 |  4- 6 || total
-------------------------+-------+-------++-------
Melee: Unarmed           |   126 |    71 ||   197
       Punch             |     5 |     3 ||     8
  Use: Scroll            |       |     1 ||     1
 Stab: Sleeping          |     3 |     1 ||     4
  Eat: Chunk             |     1 |     1 ||     2
       Meat ration       |       |     1 ||     1
Armor: Robe              |    19 |     4 ||    23
Dodge: Dodged            |    81 |    37 ||   118
